 Dungeon Crawl Stone Soup version 0.29.1-15-g9cfb28693d (webtiles) character file.

Game seed: 628415387795760739

5569 tizbic2 the Magician (level 10, -13/77 HPs)
             Began as a Demonspawn Hunter on Apr 17, 2023.
             Was a High Priest of Dithmenos.
             Mangled by an ogre
             ... wielding a +0 halberd
              (29 damage)
             ... in a bailey.
             The game lasted 00:43:01 (8528 turns).

tizbic2 the Magician (Demonspawn Hunter)            Turns: 8528, Time: 00:43:02

Health: -13/77     AC:  7    Str:  9    XL:     10   Next: 44%
Magic:  29/29      EV: 12    Int: 18    God:    Dithmenos [*****.]
Gold:   439        SH:  0    Dex: 19    Spells: 13/23 levels left

rFire   . . .      SeeInvis +   a - +10 dagger of Qitieha {freeze, Fly MP+9 Str-3 Dex-2}
rCold   . . .      Faith    .   (no shield)
rNeg    . . .      Spirit   .   c - +0 leather armour
rPois   .          Reflect  .   r - +0 hat
rElec   .          Harm     .   f - +0 cloak
rCorr   .          Rampage  .   N - +0 pair of gloves
Will    .....                   P - +1 pair of boots
Stlth   +++++++...              g - amulet of regeneration
HPRegen 1.02/turn               E - ring of see invisible
MPRegen 0.42/turn               H - +6 ring of intelligence

@: flying, wreathed by umbra
A: thin skeletal structure 1, magic regeneration, demonic magic 1, demonic touch
2
a: Renounce Religion, Shadow Step, Shadow Form


You were in a bailey.
You worshipped Dithmenos.
Dithmenos was extremely pleased with you.
You visited 1 branch of the dungeon, and saw 9 of its levels.
You also visited: Sewer and Bailey.

You collected 572 gold pieces.
You spent 133 gold pieces at shops.

Inventory:

Hand Weapons
 a - the +10 dagger of Qitieha (weapon) {freeze, Fly MP+9 Str-3 Dex-2}
   (You bought it in a shop on level 2 of the Dungeon)

   It freezes those it strikes, dealing additional cold damage.
   It can also slow down cold-blooded creatures.
   Str:       It affects your strength (-3).
   Dex:       It affects your dexterity (-2).
   MP:        It affects your magic capacity (+9).
   Fly:       It grants you flight.
 w - a +3 vorpal shortbow
 C - a +1 antimagic short sword
 O - a +0 vampiric whip
Missiles
 e - 6 javelins
 J - 11 poisoned darts
 K - 2 curare-tipped darts
Armour
 c - a +0 leather armour (worn)
 f - a +0 cloak (worn)
 j - a +0 ring mail
 r - a +0 hat (worn)
 N - a +0 pair of gloves (worn)
 P - a +1 pair of boots (worn)
Magical Staves
 s - a staff of fire
 x - a staff of poison
Jewellery
 g - an amulet of regeneration (around neck)
 t - a ring of flight
 u - a ring of protection from fire
 E - a ring of see invisible (left hand)
 H - a +6 ring of intelligence (right hand)
 Q - a ring of fire
Wands
 d - a wand of charming (14)
 D - a wand of roots (14)
Scrolls
 b - 6 scrolls of immolation
 k - a scroll of summoning
 l - a scroll of amnesia
 n - a scroll of identify
 o - 2 scrolls of magic mapping
 v - 3 scrolls of teleportation
 y - 3 scrolls of butterflies
 B - 2 scrolls of fear
 I - a scroll of brand weapon
Potions
 h - 4 potions of magic
 m - 3 potions of lignification
 p - 2 potions of brilliance
 q - 3 potions of curing
 z - 2 potions of attraction
 A - 2 potions of invisibility
 F - a potion of heal wounds
 G - 2 potions of haste {unknown}
 L - a potion of mutation {unknown}
 M - a potion of flight


   Skills:
 + Level 6.7 Fighting
 + Level 5.0 Short Blades
 - Level 4.4 Ranged Weapons
 - Level 1.7 Dodging
 * Level 7.1 Stealth
 * Level 7.2 Spellcasting
 + Level 4.0 Conjurations
 + Level 4.0 Hexes
 - Level 3.3 Poison Magic


You had 13 spell levels left.
You knew the following spells:

 Your Spells              Type           Power      Damage    Failure   Level
a - Magic Dart            Conj           84%        1d7       2%          1
b - Mephitic Cloud        Conj/Pois/Air  15%        N/A       16%         3
c - Tukima's Dance        Hex            21%        N/A       9%          3
d - Portal Projectile     Hex/Tloc       26%        N/A       21%         3

Your spell library contained the following spells:

 Spells                   Type           Power      Damage    Failure   Level
 Inner Flame              Hex/Fire       13%        N/A       21%         3
 Call Imp                 Summ           6%         N/A       22%         2
 Cause Fear               Hex            10%        N/A       28%         4
 Gell's Gravitas          Tloc           6%         N/A       41%         3
 Lesser Beckoning         Tloc           6%         N/A       41%         3
 Teleport Other           Tloc           6%         N/A       41%         3
 Blade Hands              Tmut           3%         N/A       99%         5
 Discord                  Hex            10%        N/A       100%        8


Dungeon Overview and Level Annotations

Branches:
Dungeon (9/15)             Temple (0/1) D:6           Sewer (visited)
 Bailey (1/1)
   Lair: D:8-11         Orc: D:9-12

Altars:
Ashenzari
Dithmenos
Kikubaaqudgha
Makhleb
Okawaru
Trog
Vehumet
Wu Jian

Shops:
D:2 *   D:6 =


Innate Abilities, Weirdness & Mutations

You have a somewhat thin skeletal structure. (Dex +2, Stealth+)
You regenerate magic rapidly.
Spells you cast may paralyse adjacent enemies.
Your touch may inflict irresistible damage on your foes.


Message History

The spriggan hits you with a +0 trident.
The spriggan hits you with a +0 spear!
* * * LOW HITPOINT WARNING * * *
You miss the spriggan.
The spriggan is lightly wounded.
Your shadow hits the spriggan with a dagger.
The spriggan hits you with a +0 trident!
* * * LOW HITPOINT WARNING * * *
You feel much better. The spriggan misses you. The spriggan closely misses you.
You puncture the spriggan! You freeze the spriggan.
The spriggan is severely wounded.
The spriggan hits you with a +0 spear! The spriggan closely misses you.
You completely miss the spriggan.
The spriggan is severely wounded.
The spriggan hits you with a +0 spear.
* * * LOW HITPOINT WARNING * * *
You barely miss the spriggan.
The spriggan is severely wounded.
The spriggan hits you with a +0 trident!
* * * LOW HITPOINT WARNING * * *
The spriggan closely misses you.
You hit the spriggan. You freeze the spriggan.
The spriggan is almost dead.
The spriggan hits you but does no damage.
You hit the spriggan. You freeze the spriggan.
You kill the spriggan!
Dithmenos accepts your kill.
You can now transform into a swirling mass of shadows.
The spriggan hits you with a +0 trident.
* * * LOW HITPOINT WARNING * * *
Your Conjurations skill increases to level 4!
Your Hexes skill increases to level 4!
Blink to where?
Press: ? - help, Dir - move target
As you read the scroll of blinking, it crumbles to dust.
The ogre hits you from afar with a +0 halberd.
* * * LOW HITPOINT WARNING * * *
There is a gate leading back out of this place here.
The ogre hits you from afar with a +0 halberd!!
You die...

#######
##...i.. ###
##..i.iiO
##.##
##..##♣###
##...## ##..♣#
#.....# ##..##
##.....###..##
#...@..~~~).#
#......~~~..#
#....OO~i~..♣
#......~~~.)#
#...∩..~~~..#
##.....###..##
#.....# ##.)##
. ##...##
##).## ..
##.##
##..#♣####


You could see 2 ogres and a spriggan.

Vanquished Creatures
  Pikel (D:7)
  Joseph (D:7)
  A hornet (D:8)
  A spriggan (Bailey)
  A yak (D:8)
  A vampire (D:9)
  A wyvern (D:9)
  Menkaure (D:6)
  2 steam dragons
  2 water moccasins (D:7)
  An orc warrior (D:9)
  A black bear (D:6)
  2 ice beasts
  A sky beast (D:7)
  8 ogres
  4 centaurs
  A lemure (D:7)
  3 kobold brigands (Sewer)
  3 phantoms
  3 bullfrogs
  A gnoll sergeant (D:8)
  3 scorpions
  6 wights
  A howler monkey (D:8)
  Crazy Yiuf (D:7)
  4 orc priests
  2 hounds
  3 jellies
  Jessica (D:3)
  7 orc wizards
  6 gnolls
  6 adders
  2 river rats (Sewer)
  2 shadow imps
  4 ufetubi
  5 worms
  A dart slug (D:4)
  30 orcs
  5 bats
  6 endoplasms
  2 giant cockroaches (D:1)
  11 goblins
  5 hobgoblins
  4 jackals (D:4)
  3 quokkas
  11 ball pythons
  2 frilled lizards (D:1)
  11 kobolds
  13 rats
197 creatures vanquished.

Vanquished Creatures (collateral kills)
  3 orcs (D:4)
  An endoplasm (D:4)
4 creatures vanquished.

Grand Total: 201 creatures vanquished

Notes
Turn   | Place    | Note
-------+----------+-------------------------------------------
     0 | D:1      | tizbic2 the Demonspawn Hunter began the quest for the Orb.
     0 | D:1      | Reached XP level 1. HP: 16/16 MP: 1/1
   100 | D:1      | Found a faded altar of an unknown god.
   151 | D:1      | Prayed at the altar of an unknown god.
   151 | D:1      | Became a worshipper of Dithmenos the Shadowed
   151 | D:1      | Reached * piety under Dithmenos
   194 | D:1      | Gained mutation: Your touch may inflict minor irresistible
                  | damage on your foes. [demonic ancestry]
   194 | D:1      | Reached XP level 2. HP: 23/23 MP: 2/2
  1011 | D:2      | Reached XP level 3. HP: 23/28 MP: 3/3
  1046 | D:2      | Reached ** piety under Dithmenos
  1426 | D:2      | Found Vaab's Assorted Antiques.
  1522 | D:2      | Found an ornate altar of the Wu Jian Council.
  1984 | D:3      | Found an iron altar of Okawaru.
  2013 | D:3      | Noticed Jessica
  2019 | D:3      | Killed Jessica
  2020 | D:3      | Gained mutation: You regenerate magic rapidly. [demonic
                  | ancestry]
  2020 | D:3      | Reached XP level 4. HP: 17/35 MP: 4/4
  2443 | D:3      | Learned a level 1 spell: Magic Dart
  2743 | D:2      | Bought a pitted dagger for 133 gold pieces
  2743 | D:2      | Identified the +10 dagger of Qitieha {freeze, Fly MP+9
                  | Str-3 Dex-2} (You bought it in a shop on level 2 of the
                  | Dungeon)
  2878 | D:4      | Noticed a phantom
  2882 | D:4      | Noticed a scorpion
  3061 | D:4      | Reached skill level 1 in Spellcasting
  3065 | D:4      | Reached skill level 1 in Poison Magic
  3065 | D:4      | Gained mutation: Your touch may inflict irresistible damage
                  | on your foes. [demonic ancestry]
  3065 | D:4      | Reached XP level 5. HP: 28/42 MP: 7/7
  3265 | D:4      | Killed a phantom
  3266 | D:4      | Reached skill level 1 in Short Blades
  3294 | D:4      | Gained mutation: Spells you cast may paralyse adjacent
                  | enemies. [demonic ancestry]
  3294 | D:4      | Reached XP level 6. HP: 41/48 MP: 9/9
  3522 | D:5      | Entered Level 5 of the Dungeon
  3595 | D:5      | Reached *** piety under Dithmenos
  3821 | D:5      | Gained mutation: You have a somewhat thin skeletal
                  | structure. (Dex +2, Stealth+) [demonic ancestry]
  3821 | D:5      | Reached XP level 7. HP: 52/55 MP: 11/11
  4006 | D:5      | Found a bloodstained altar of Trog.
  4014 | D:5      | Reached skill level 1 in Stealth
  4657 | D:5      | Learned a level 3 spell: Mephitic Cloud
  4676 | D:6      | Found Litoceb's Jewellery Emporium.
  4740 | D:6      | Found a glowing drain.
  4783 | Sewer    | Entered a sewer
  5054 | Sewer    | Reached XP level 8. HP: 58/61 MP: 14/14
  5139 | Sewer    | Reached **** piety under Dithmenos
  5318 | D:6      | Reached skill level 5 in Fighting
  5378 | D:6      | Reached skill level 1 in Conjurations
  5378 | D:6      | Reached skill level 1 in Hexes
  5558 | D:6      | Noticed Menkaure
  5566 | D:6      | Killed Menkaure
  5567 | D:6      | Reached skill level 5 in Spellcasting
  5872 | D:6      | Found an ancient bone altar of Kikubaaqudgha.
  5873 | D:6      | Found a burning altar of Makhleb.
  5874 | D:6      | Found a broken altar of Ashenzari.
  5997 | D:6      | Reached XP level 9. HP: 23/68 MP: 17/17
  6359 | D:6      | Found a staircase to the Ecumenical Temple.
  6815 | D:7      | Noticed Joseph
  6822 | D:7      | Killed Joseph
  6823 | D:7      | Reached skill level 5 in Stealth
  7095 | D:7      | Noticed Pikel
  7105 | D:7      | Killed Pikel
  7157 | D:7      | Learned a level 3 spell: Tukima's Dance
  7161 | D:7      | Learned a level 3 spell: Portal Projectile
  7269 | D:7      | Found a runed translucent door.
  7270 | D:7      | Noticed Crazy Yiuf
  7278 | D:7      | Killed Crazy Yiuf
  7681 | D:8      | Reached XP level 10. HP: 76/76 MP: 20/20
  7820 | D:8      | Found a radiant altar of Vehumet.
  8398 | D:9      | Found a flagged portal.
  8423 | Bailey   | Entered a bailey
  8483 | Bailey   | Reached skill level 5 in Short Blades
  8521 | Bailey   | Reached ***** piety under Dithmenos
  8528 | Bailey   | Mangled by an ogre

Illustrated notes

Levels and vault maps discovered:
D:1:      onia_arrival_pyramid, layout_loops_corners,
          hellmonk_ecumenical_altar_blasted
D:2:      layout_loops_cross, basic_altar, serial_shops, shop
D:3:      layout_basic, okawaru_gym_becter, uniq_jessica
D:4:      layout_rooms
D:5:      layout_loops_ring, trog_antimagical, lemuel_doored_altar,
          serial_park_tiny_pond, grunt_ministairs_14
D:6:      layout_loops_corners, gammafunk_temple_overflow_forgotten,
          minmay_temple_entry_waves, serial_shops, nicolae_shop_hallway_stairs,
          cheibrodos_sewer_entry_sluice, uniq_menkaure
D:7:      layout_loops_cross, mainiacjoe_overflow_paths, uniq_pikel,
          uniq_crazy_yiuf_cottage, uniq_joseph
D:8:      layout_loops_ring, nicolae_vehumet_radiance, st_stairs_8,
          minmay_circle_x
D:9:      layout_roguey, enter_bailey_3
Bailey:   bailey_polearm_enchanted_keep_hellmonk, bailey

Skill      XL: |  1  2  3  4  5  6  7  8  9 10 |
---------------+-------------------------------+-----
Ranged Weapons | 4 |  4.4
Fighting       | 3 4 5 6 |  6.7
Spellcasting   | 1 2 3 4 5 6 7 |  7.2
Poison Magic   | 1 2 3 |  3.3
Short Blades   | 1 2 3 4 5 |  5.0
Stealth        | 3 4 6 7 |  7.1
Conjurations   | 2 3 4 |  4.0
Hexes          | 1 3 4 |  4.0
Dodging        | |  1.7

Action                   |  1- 3 |  4- 6 |  7- 9 | 10-12 || total
-------------------------+-------+-------+-------+-------++-------
Melee: Dagger            |    55 |    68 |   160 |    73 ||   356
       Touch             |    14 |     5 |    27 |    13 ||    59
       Punch             |       |     1 |     1 |       ||     2
       Short sword       |       |       |     2 |       ||     2
 Fire: Shortbow          |    18 |    17 |    45 |     1 ||    81
 Cast: Magic Dart        |       |       |    20 |     1 ||    21
       Mephitic Cloud    |       |       |     1 |       ||     1
  Use: Scroll            |       |    12 |    11 |     5 ||    28
       Potion            |       |       |       |     3 ||     3
 Stab: Sleeping          |     3 |       |    21 |     7 ||    31
       Paralysed         |       |       |     1 |       ||     1
       Distracted        |       |       |     1 |     1 ||     2
       Confused          |       |       |     1 |       ||     1
Armor: Leather armour    |     3 |     5 |    27 |    25 ||    60
       Ring mail         |     6 |    13 |       |       ||    19
Dodge: Dodged            |    24 |    31 |    73 |    55 ||   183
